AoeStats
← The Beer Man

Arabia

509957060Analyzed
3v3 RM · 4d ago on Sep 28, 2026· 44m 56s· 6 players
Game mode
Random Map
Map size
Normal (6 player)
Population
200
Speed
Normal
Resources
Standard
Victory
Conquest
Starting age
Dark Age
Ending age
Imperial Age
RankedLock teamsTeams togetherTeam positionsShared explorationLock speedFull tech treeHidden civsTurbo modeCheats
Victory
Defeat
🇮🇹 Varangians · Italy
978
+15
🇮🇹 Portuguese · Italy
965
+16
🇮🇹 Burgundians · Italy
820
+23
🇪🇸 Celts · Spain
1013
-20
🇬🇧 Bulgarians · United Kingdom
960
-18
🇪🇸 Khmer · Spain
912
-16
aleturrini1988
10:45 Feudal Age
9:04 Loom
10:49 Feudal Age
11:38 Double-Bit Axe
11:24 Man-at-Arms
21:20 Castle Age
20:13 Horse Collar
22:02 Pikeman
23:20 Bloodlines
23:23 Forging
23:19 Scale Barding Armor
24:01 Gold Mining
25:17 Heavy Plow
25:29 Bow Saw
26:34 Chain Barding Armor
26:54 Husbandry
29:00 Wheelbarrow
34:55 Imperial Age
32:32 Stone Mining
33:03 Hand Cart
34:19 Fletching
34:30 Padded Archer Armor
35:10 Stone Shaft Mining
34:19 Crossbowman
37:07 Chemistry
36:07 Bodkin Arrow
36:29 Leather Archer Armor
35:50 Arbalester
37:19 Town Watch
37:58 Bracer
38:28 Ring Archer Armor
38:28 Cavalier
39:45 Iron Casting
40:32 Two-Man Saw
40:26 Ballistics
40:02 Murder Holes
41:27 Plate Barding Armor
Rorschach
5:30 Loom
12:26 Feudal Age
12:52 Double-Bit Axe
14:40 Bloodlines
16:02 Fletching
17:09 Forging
23:27 Castle Age
22:15 Horse Collar
24:19 Husbandry
23:43 Light Cavalry
30:16 Iron Casting
29:48 Scale Barding Armor
34:51 Chain Barding Armor
44:55 Imperial Age
43:04 Wheelbarrow
42:33 Vendel Legacy
45:22 Hand Cart
Vincenzo
2:56 Double-Bit Axe
11:40 Feudal Age
15:53 Castle Age
13:46 Horse Collar
18:05 Bow Saw
24:05 Heavy Plow
24:20 Stone Mining
24:25 Gold Mining
25:38 Wheelbarrow
25:39 Crop Rotation
25:02 Cavalier
28:22 Husbandry
28:49 Ballistics
28:45 Fortified Wall
31:36 Crossbowman
33:43 Forging
33:38 Scale Barding Armor
33:34 Padded Archer Armor
33:24 Fletching
36:42 Town Watch
37:12 Hand Cart
40:45 Imperial Age
41:52 Iron Casting
41:15 Bodkin Arrow
42:45 Paladin
Rey Rochelio
0:35 Loom
11:00 Feudal Age
12:33 Double-Bit Axe
14:40 Horse Collar
17:10 Gold Mining
18:20 Town Watch
19:10 Wheelbarrow
27:12 Castle Age
28:30 Heavy Plow
28:43 Bow Saw
28:25 Stone Mining
29:42 Pikeman
32:06 Husbandry
31:55 Arson
31:32 Elite Skirmisher
32:53 Scale Mail Armor
32:54 Padded Archer Armor
32:45 Fletching
33:02 Scale Barding Armor
42:28 Imperial Age
41:36 Chain Mail Armor
42:47 Cavalier
The Beer Man
10:45 Feudal Age
9:01 Loom
14:20 Arson
14:40 Double-Bit Axe
26:59 Castle Age
25:05 Horse Collar
25:18 Gold Mining
26:06 Wheelbarrow
29:18 Pikeman
29:58 Squires
29:44 Gambesons
31:41 Scale Mail Armor
31:51 Forging
32:57 Chain Mail Armor
33:18 Iron Casting
33:33 Bow Saw
39:38 Hand Cart
Peluco el sabio
0:27 Loom
11:48 Feudal Age
12:22 Double-Bit Axe
17:39 Castle Age
25:19 Horse Collar
27:31 Town Watch
28:29 Scale Mail Armor
29:09 Wheelbarrow
28:14 Pikeman
30:19 Ballistics
31:50 Hand Cart
33:17 Heavy Plow
33:16 Gold Mining
33:17 Stone Mining
35:37 Scale Barding Armor
35:43 Forging
35:48 Chain Mail Armor
37:25 Gold Shaft Mining
37:14 Chain Barding Armor
37:30 Iron Casting
36:45 Fletching
36:56 Padded Archer Armor
40:57 Imperial Age
38:30 Husbandry
39:07 Town Patrol
41:00 Bodkin Arrow
42:23 Heavy Scorpion
42:34 Cavalier
Connection lost

Rejoining the realm…

Still unreachable

The connection could not be restored.

Session expired

The server has moved on; the page needs a fresh start.